Map: Romanticide LE

Players

Shakyor - Winner!

  • Race: Terran Terran
  • League: Master

Unknown

  • Race: Zerg Zerg
  • League: Master

VOD

Have the link to the VOD?

Description

Time

  • Played on: Oct. 17, 2021, 7:51 a.m.
  • Length: 11:21
Show
View Real Time Build Order
Export as new Build Order

Shakyor Terran - Winner!

Build Orders:  

Get SALT Encoding   

  12  0:00  SCV  
  13  0:12  SCV  
  14  0:18  Supply Depot  
  14  0:24  SCV  
  15  0:40  Barracks  
  15  0:48  Barracks  
  15  0:52  SCV  
  16  1:00  Refinery  
  16  1:04  SCV  
  17  1:16  SCV  
  18  1:27  Marine  
  18  1:28  Orbital Command  
  19  1:33  Supply Depot  
  19  1:35  Marine  
  20  1:44  Marine  
  21  1:53  Marine  
  22  1:58  Bunker  
  22  2:02  Marine  
  22  2:05  SCV  
  24  2:12  Marine  
  24  2:20  Marine  
  24  2:28  SCV  
  25  2:30  Marine  
  25  2:34  Factory  
  26  2:40  SCV  
  27  2:46  Marine  
  28  2:52  SCV  
  29  3:04  SCV  
  29  3:16  SCV  
  29  3:18  Command Center  
  30  3:21  Starport  
  30  3:22  Factory Reactor  
  30  3:28  SCV  
  31  3:43  Refinery  
  31  3:46  SCV  
  32  3:58  SCV  
  32  4:06  Medivac  
  32  4:07  Hellion x2  
  32  4:08  Barracks Reactor  
  38  4:10  SCV  
  38  4:11  Barracks Tech Lab  
  38  4:14  Supply Depot  
  39  4:29  Stimpack  
  39  4:30  SCV, Marine, Hellion x2  
  45  4:34  Orbital Command  
  42  4:44  SCV  
  42  4:45  Marine x2  
  45  4:56  SCV  
  45  4:59  Marine  
  47  5:00  Orbital Command  
  47  5:03  Marine x2  
  49  5:11  Factory Reactor  
  49  5:14  Barracks  
  49  5:17  Marine, Medivac  
  52  5:23  Medivac  
  52  5:26  Marine  
  52  5:28  Marine  
  56  5:31  SCV  
  56  5:34  SCV  
  58  5:36  Marine  
  59  5:43  SCV, Marine  
  59  5:46  SCV  
  62  6:07  Supply Depot  
  62  6:08  Supply Depot  
  62  6:09  SCV x2, Marine, Medivac  
  69  6:15  Combat Shield  
  69  6:16  Marine  
  68  6:22  SCV x2  
  68  6:25  Command Center  
  70  6:30  Marine  
  70  6:31  Marine, Supply Depot  
  72  6:33  Supply Depot  
  72  6:34  SCV x2  
  74  6:46  SCV x2  
  76  6:58  SCV  
  76  7:00  Marine x5  
  82  7:02  Factory Reactor  
  82  7:03  Medivac x2  
  81  7:15  SCV x2  
  81  7:18  Marine x3  
  81  7:19  Engineering Bay  
  81  7:20  Engineering Bay  
  81  7:21  Refinery  
  81  7:22  Refinery, Supply Depot  
  78  7:27  SCV x2  
  78  7:29  Marine x2  
  80  7:36  Marine  
  81  7:39  SCV x2  
  81  7:41  Marine x2  
  85  7:51  SCV x2  
  85  7:53  Marine x2  
  85  7:54  Widow Mine x2, Medivac  
  85  7:55  Medivac  
  85  7:56  Terran Infantry Armor Level 1, Terran Infantry Weapons Level 1  
  97  8:00  Barracks  
  97  8:03  SCV x2, Barracks  
  99  8:07  Orbital Command  
  99  8:15  SCV x2  
  96  8:27  SCV  
  96  8:39  Marine x5  
  95  8:44  SCV, Widow Mine x2, Medivac x2  
  95  8:45  SCV x2  
  106  8:48  Barracks Tech Lab  
  106  8:49  Barracks Reactor  
  106  8:50  Armory  
  106  8:56  Marine x2  
  106  8:57  SCV x3, Marine, Marauder  
  106  9:02  Marine  
  115  9:04  Refinery  
  115  9:07  Widow Mine x2  
  115  9:08  Marine  
  115  9:09  Factory, SCV  
  121  9:14  Marine x3  
  124  9:18  Marine  
  124  9:22  Supply Depot  
  124  9:23  Supply Depot  
  124  9:24  Liberator x2, SCV, Marine  
  133  9:40  Marine  
  133  9:43  Marine x3  
  136  9:51  Marauder x2, Marine x2  
  138  9:56  Factory Tech Lab  
  138  9:58  Marine  
  138  9:59  Command Center  
  139  10:01  Marine x3  
  139  10:02  SCV x2  
  144  10:09  Marine  
  144  10:13  Marauder x2  
  147  10:25  Marine  
  147  10:26  Marine x3  
  147  10:28  Widow Mine  
  149  10:29  Widow Mine  
  149  10:50  Marine x6  
  149  10:51  Marauder  
  149  10:56  Marine  
  140  11:08  Barracks x2  
Show
View Real Time Build Order
Export as new Build Order

Unknown Zerg 

Build Orders: Hatch First 

Get SALT Encoding   

  12  0:00  Drone  
  13  0:12  Overlord  
  13  0:16  Drone  
  14  0:30  Drone x2  
  16  0:49  Hatchery  
  15  0:51  Drone  
  15  0:54  Drone  
  17  0:58  Drone  
  18  1:08  Extractor  
  17  1:13  Spawning Pool  
  17  1:15  Drone  
  17  1:19  Drone  
  18  1:28  Drone  
  19  1:40  Drone  
  20  1:51  Overlord  
  20  2:03  Zergling x2  
  20  2:04  Zergling x2  
  20  2:06  Spine Crawler, Queen  
  23  2:13  Zergling x4  
  23  2:25  Zergling x4  
  24  2:35  Queen  
  26  2:47  Spine Crawler  
  26  2:48  Zergling x8  
  29  2:54  Metabolic Boost  
  26  3:11  Zergling x8  
  26  3:17  Drone x2  
  27  3:36  Drone x4  
  31  3:41  Drone  
  31  3:44  Drone  
  33  3:48  Overlord  
  34  3:55  Drone  
  34  4:12  Hatchery  
  34  4:14  Drone  
  34  4:15  Drone x3  
  37  4:22  Queen  
  37  4:23  Queen  
  41  4:30  Drone x2  
  43  4:40  Drone  
  43  4:41  Drone  
  43  4:44  Spore Crawler  
  43  4:49  Drone  
  44  4:53  Spore Crawler, Overlord  
  43  5:08  Drone  
  43  5:09  Overlord  
  43  5:12  Drone x2  
  43  5:13  Pneumatized Carapace  
  46  5:17  Drone  
  46  5:18  Queen  
  49  5:34  Drone x8  
  55  5:52  Spore Crawler  
  54  6:01  Drone  
  54  6:02  Drone x7  
  62  6:09  Overlord x2  
  62  6:15  Overlord, Evolution Chamber  
  61  6:22  Overlord x3  
  61  6:31  Zergling x2  
  61  6:32  Zergling x4  
  63  6:40  Zergling x2  
  63  6:41  Zergling x10  
  65  6:55  Zergling x10  
  69  7:08  Zergling x6  
  61  7:15  Queen x2  
  65  7:24  Drone  
  65  7:25  Drone x4  
  70  7:30  Hatchery  
  70  7:31  Zerg Ground Armor Level 1  
  70  7:32  Extractor  
  70  7:33  Hatchery  
  70  7:34  Extractor  
  70  7:35  Baneling Nest, Evolution Chamber  
  64  7:47  Extractor  
  64  7:49  Drone x3  
  64  7:50  Drone  
  67  7:54  Queen x2  
  71  8:02  Zergling x14  
  77  8:38  Zerg Melee Weapons Level 1  
  77  8:40  Drone x2, Hatchery  
  78  8:41  Lair  
  78  8:44  Hatchery  
  78  8:48  Zergling x18  
  83  8:51  Drone  
  83  8:54  Drone x2  
  88  9:18  Drone x10  
  97  9:32  Zergling x2  
  97  9:33  Zergling x4  
  97  9:34  Baneling  
  97  9:35  Baneling x9  
  99  9:43  Zergling x6  
  102  9:52  Overseer  
  97  9:56  Zergling x18  
  106  10:03  Extractor  
  106  10:04  Extractor  
  90  10:27  Zergling x30  
  95  10:36  Zergling x2  
  95  10:37  Zergling x4  
  97  10:47  Hatchery  
  93  10:54  Zergling x2  
  93  10:55  Zergling x12  
  87  10:58  Baneling x2  
  87  10:59  Baneling x7  
Tags
 
Add a new tag
Caveats
  • Supply blocks, unpowered buildings, or Contaminate may cause inaccurate times.
  • Supply counts are checked every 10 seconds.